 Dungeon Crawl Stone Soup version 0.18.1-6-gd335043 (webtiles) character file.

24369 CrawlFred the Cleaver (level 12, 0/122 HPs)
             Began as a Deep Dwarf Fighter on May 17, 2016.
             Was the Champion of Makhleb.
             Slain by a death yak (9 damage)
             ... on level 2 of the Lair of Beasts on May 18, 2016.
             The game lasted 01:12:53 (14224 turns).

CrawlFred the Cleaver (Deep Dwarf Fighter)         Turns: 14224, Time: 01:12:54

Health: 0/122      AC: 21    Str: 21    XL:     12   Next: 80%
Magic:  3/3        EV:  7    Int:  9    God:    Makhleb [******]
Gold:   961        SH:  0    Dex: 16    Spells: 0 memorised, 13 levels left

rFire  + . .     SeeInvis .     M - +10 dark maul {crush}
rCold  . . .     Gourm    +     i - +2 plate armour {rF+}
rNeg   . . .     Faith    .     (shield currently unavailable)
rPois  .         Spirit   .     (no helmet)
rElec  .         Dismiss  .     v - +1 cloak
rCorr  +         Reflect  .     (no gloves)
SustAt .         Harm     .     (no boots)
MR     +....                    h - amulet of the gourmand
Stlth  ..........               (no ring)
                                q - ring of resist corrosion

@: non-regenerating, somewhat resistant to hostile enchantments, extremely
unstealthy
A: damage resistance, recharge devices, yellow scales 1, sense surroundings 2,
slow regeneration 3
a: Device Recharging, Minor Destruction, Lesser Servant of Makhleb, Major
Destruction, Greater Servant of Makhleb, Renounce Religion


You were on level 2 of the Lair of Beasts.
You worshipped Makhleb.
Makhleb was exalted by your worship.
You were very full.

You visited 2 branches of the dungeon, and saw 17 of its levels.
You also visited: Sewer and Bailey.

You collected 961 gold pieces.

Inventory:

Hand Weapons
 a - a +1 war axe
 C - a +1 battleaxe
 M - the +10 dark maul (weapon) {crush}
   (You found it on level 11 of the Dungeon)

   It inflicts extra damage upon your enemies.
Armour
 b - a +0 scale mail
 c - a +0 shield
 i - a +2 plate armour of fire resistance (worn)
 v - a +1 cloak (worn)
Jewellery
 h - an amulet of the gourmand (around neck)
 q - a ring of resist corrosion (left hand)
 s - an uncursed amulet of magic regeneration
 F - an uncursed ring of flight
 I - an uncursed ring of protection from magic {unknown}
Wands
 e - a wand of heal wounds (5/9)
 k - a wand of digging (10/24)
 l - a wand of paralysis (12/24)
 r - a wand of lightning (0/15)
 B - a wand of acid (5/15)
 E - a wand of enslavement (9/24)
 K - a wand of flame (24/48)
 N - a wand of digging (9/24)
Scrolls
 g - a scroll of magic mapping
 m - 4 scrolls of remove curse
 p - 6 scrolls of identify
 w - 2 scrolls of immolation
 y - a scroll of amnesia
Potions
 d - 2 potions of brilliance
 o - 3 potions of flight
 t - a potion of curing
Books
 H - a book of Spatial Translocations

   Spells                             Type                      Level
   a - Apportation                    Translocation                1
   b - Blink                          Translocation                2
   c - Shroud of Golubria             Charms/Translocation         2
   d - Portal Projectile              Translocation                3
   e - Teleport Other                 Translocation                3
   f - Passage of Golubria            Translocation                4
Comestibles
 f - 7 bread rations
 j - 2 slices of pizza
 n - 5 meat rations
 z - a beef jerky
 A - 19 fruits


   Skills:
 * Level 12.1 Fighting
 - Level 14.0(14.1) Axes
 * Level 2.3(8.9) Maces & Flails
 + Level 10.6 Armour
 - Level 7.7 Shields
 + Level 1.0 Spellcasting


You had 13 spell levels left.
You didn't know any spells.

Dungeon Overview and Level Annotations

Branches:
Dungeon (14/15)            Temple (0/1) D:6            Lair (3/8) D:8
    Orc (0/2) D:11
  Swamp: Lair:3-6    Shoals: Lair:3-6     Snake: Lair:3-6    Spider: Lair:3-6
 Vaults: D:13-14

Altars:
Fedhas
Makhleb
Pakellas
Ru
Sif Muna
The Shining One

Shops:
D:6 *   D:13 [

Annotations:
D:3 quinotauri's ghost, amateur FoFi
D:4 Elizilla's ghost, amateur TrMo


Innate Abilities, Weirdness & Mutations

You are resistant to damage.
You can recharge devices by infusing magical energy.
You passively map the area around you.
You do not regenerate naturally.
You are partially covered in yellow scales (AC +2).


Message History

The death yak gores you! x2; The death yak gores you!!
You climb upwards.
There is a stone staircase leading down here.
Unknown command.
You sock the death yak!
The death yak is heavily wounded.
The death yak gores you!! The death yak gores you. x4
The death yak barely misses you.
You sock the death yak!
The death yak is severely wounded.
The death yak closely misses you. The death yak gores you!
The death yak gores you.
* * * LOW HITPOINT WARNING * * *
The death yak gores you!
* * * LOW HITPOINT WARNING * * *
The death yak gores you!!
* * * LOW HITPOINT WARNING * * *
The death yak gores you but does no damage.
The death yak gores you. The death yak gores you!
You die...

#....#### ##.P.###.........##..
........#####..########.......#..
..#....##.#.#...#..###..####...#.
..#..................#..#...#..##
.##.........P########...........#
#.##...(...###.#####.........#..#
.###........#.#.8.##..##.8.8.....
.# #...#...#.#..Y..#..#.......#..
####....#...##8.@..+..#...>...#..
# #.....#..###..YY....#.......#..
####....#..##...8..#..#..8.8.#...
.# #...#...##.#######........#...
.# #######.#P.^.....#...........#
.# *#.#........##.##...#..#.
.#*### #....P......#..##.#...##
≈##≈≈ ≈*#...P#.######........##
≈#≈# ≈ #......# ##.#.....##


You could see 3 death yaks.

Vanquished Creatures
  A hydra (Lair:2)
  4 hill giants
  Pikel (D:7)
  An orc knight (D:13)
  4 ugly things
  5 elephants
  4 spiny frogs
  2 komodo dragons
  The ghost of Suckerboh the Cutter, a novice KoBe of Trog (D:6)
  A freezing wraith (D:14)
  4 trolls
  A merfolk (D:12)
  2 polar bears (Lair:2)
  3 slime creatures (D:11)
  5 blink frogs (Lair:2)
  A wraith (D:12)
  8 yaks
  2 wyverns (D:12)
  A basilisk (D:13)
  9 hippogriffs
  A steam dragon (D:9)
  2 hungry ghosts (D:12)
  A mottled dragon (D:11)
  8 vampire mosquitoes
  4 wargs
  3 water moccasins
  7 orc warriors
  3 phantoms
  2 black bears (Lair:2)
  2 eyes of draining (D:12)
  2 ice beasts
  A necrophage (D:12)
  3 sky beasts
  5 ogres
  3 centaurs
  A crocodile (Lair:2)
  A wyvern zombie (D:9)
  18 giant frogs
  A wyvern skeleton (D:7)
  7 scorpions
  2 killer bees
  5 howler monkeys
  An electric eel (Lair:2)
  2 centaur zombies
  A giant frog zombie (D:5)
  7 crimson imps
  4 quasits
  9 hounds
  3 jellies
  9 orc priests
  15 orc wizards
  A giant frog skeleton (D:13)
  6 iguanas
  7 worker ants
  7 sheep (Lair:1)
  A killer bee zombie (D:9)
  2 howler monkey zombies
  A howler monkey skeleton (D:10)
  14 adders
  5 gnolls
  11 river rats
  2 shadow imps (D:10)
  An ooze (D:2)
  An adder skeleton (D:5)
  6 worms
  2 dart slugs
  13 giant geckos
  73 orcs
  8 bats
  7 giant cockroaches
  6 goblins
  6 hobgoblins
  8 jackals
  5 kobolds
  2 quokkas
  4 ball pythons
  9 giant newts
  5 rats
406 creatures vanquished.

Vanquished Creatures (others)
  A hound (D:7)
  A jelly (D:7)
  An orc wizard (D:13)
  A fungus (Lair:2)
4 creatures vanquished.

Grand Total: 410 creatures vanquished

Notes
Turn   | Place    | Note
--------------------------------------------------------------
     0 | D:1      | CrawlFred the Deep Dwarf Fighter began the quest for the Orb.
     0 | D:1      | Reached XP level 1. HP: 20/20 MP: 1/1
   130 | D:1      | Reached XP level 2. HP: 18/28 MP: 2/2
   819 | D:2      | Reached XP level 3. HP: 29/34 MP: 3/3
   858 | D:2      | Reached skill level 3 in Axes
   898 | D:2      | Reached XP level 4. HP: 15/42 MP: 4/4
  1073 | D:2      | Found a burning altar of Makhleb.
  1103 | D:2      | Became a worshipper of Makhleb the Destroyer
  1535 | D:2      | Reached skill level 4 in Axes
  1797 | D:3      | Noticed quinotauri's ghost (amateur FoFi)
  1842 | D:3      | Reached * piety under Makhleb
  1934 | D:3      | Reached XP level 5. HP: 35/50 MP: 5/5
  2466 | D:4      | Noticed an ogre
  2485 | D:4      | Killed an ogre
  2485 | D:4      | Reached XP level 6. HP: 31/57 MP: 6/6
  2486 | D:4      | Noticed Elizilla's ghost (amateur TrMo)
  2511 | D:4      | Reached skill level 5 in Axes
  2916 | D:4      | You fall through a shaft!
  2916 | D:5      | Entered Level 5 of the Dungeon
  2992 | D:4      | Reached ** piety under Makhleb
  2992 | D:4      | Reached XP level 7. HP: 37/66 MP: 7/7
  3500 | D:5      | Reached skill level 5 in Armour
  3534 | D:5      | Reached skill level 5 in Fighting
  3534 | D:5      | Reached skill level 6 in Axes
  3556 | D:5      | Reached skill level 5 in Shields
  3939 | D:5      | Gained mutation: You have a pair of small horns on your head. [potion of mutation]
  3939 | D:5      | Gained mutation: You are clumsy. (Dex -2) [potion of mutation]
  3939 | D:5      | Gained mutation: You are partially covered in yellow scales (AC +2). [potion of mutation]
  4370 | D:6      | Found a glowing drain.
  4411 | D:6      | Found a staircase to the Ecumenical Temple.
  4460 | D:6      | Reached *** piety under Makhleb
  4461 | D:6      | Reached XP level 8. HP: 62/75 MP: 7/7
  4500 | D:6      | Found Lustrem's Assorted Antiques.
  4593 | D:6      | Noticed Suckerboh's ghost (novice KoBe)
  4663 | D:6      | Killed Suckerboh's ghost
  4663 | D:6      | Reached skill level 7 in Axes
  4687 | Sewer    | Entered a sewer
  5414 | D:6      | Found an oddly glowing altar of Pakellas.
  6329 | D:7      | Found Feinkesa's Food Emporium.
  6373 | D:7      | Gained mutation: You passively map the area around you. [Deep Dwarf growth]
  6373 | D:7      | Reached XP level 9. HP: 47/85 MP: 8/8
  6401 | D:7      | Reached skill level 8 in Axes
  6409 | D:7      | Reached **** piety under Makhleb
  6441 | D:7      | Noticed Pikel
  6470 | D:7      | Killed Pikel
  6808 | D:7      | Found a sacrificial altar of Ru.
  6966 | D:8      | Found a blossoming altar of Fedhas.
  7136 | D:8      | Reached skill level 9 in Axes
  7238 | D:8      | Found a staircase to the Lair.
  7321 | D:8      | Reached ***** piety under Makhleb
  7336 | D:8      | Found a flagged portal.
  7345 | Bailey   | Entered a bailey
  7409 | Bailey   | Noticed an orc knight
  7511 | D:8      | Found a glowing golden altar of the Shining One.
  7867 | D:8      | Reached XP level 10. HP: 33/96 MP: 8/8
  8441 | D:9      | Reached skill level 10 in Axes
  8674 | D:9      | Found a deep blue altar of Sif Muna.
  8989 | D:10     | Entered Level 10 of the Dungeon
  9255 | D:10     | Noticed a hill giant
  9271 | D:10     | Killed a hill giant
  9523 | D:10     | Noticed a hill giant
  9529 | D:10     | Killed a hill giant
  9667 | D:11     | Reached skill level 11 in Axes
  9778 | D:11     | Found a staircase to the Orcish Mines.
  9840 | D:11     | Noticed a cyan ugly thing
  9850 | D:11     | Killed a cyan ugly thing
  9850 | D:11     | Reached XP level 11. HP: 69/106 MP: 9/9
 10057 | D:11     | Noticed a hill giant
 10064 | D:11     | Killed a hill giant
 10072 | D:11     | Noticed a red ugly thing
 10216 | D:12     | Reached ****** piety under Makhleb
 10244 | D:12     | Reached skill level 10 in Fighting
 10534 | D:12     | Noticed a red ugly thing
 10535 | D:12     | Noticed a purple ugly thing
 10575 | D:11     | Killed a purple ugly thing
 11089 | D:11     | Killed a red ugly thing
 11161 | D:11     | Reached skill level 12 in Axes
 11572 | D:13     | Found Poiss's Armour Boutique.
 11581 | D:13     | Noticed an orc knight
 11617 | D:12     | Killed a purple ugly thing
 11843 | D:14     | Noticed a hill giant
 11863 | D:14     | HP: 5/110 [freezing wraith (19)]
 12007 | D:14     | Noticed a hill giant
 12031 | D:14     | Killed a hill giant
 12031 | D:14     | Reached XP level 12. HP: 88/120 MP: 6/6
 12147 | D:13     | Reached skill level 13 in Axes
 12430 | Lair:1   | Entered Level 1 of the Lair of Beasts
 12445 | Lair:1   | Noticed a seven-headed hydra
 12642 | D:8      | Lost mutation: You have a pair of small horns on your head. [potion of cure mutation]
 12642 | D:8      | Lost mutation: You are clumsy. (Dex -2) [potion of cure mutation]
 13052 | Lair:1   | HP: 6/120 [spiny frog (11)]
 13052 | Lair:1   | HP: 1/120 [spiny frog (5)]
 13078 | Lair:1   | Reached skill level 10 in Armour
 13655 | Lair:2   | Reached skill level 14 in Axes
 13756 | Lair:2   | Noticed a five-headed hydra
 13767 | Lair:2   | Killed a five-headed hydra
 13767 | Lair:2   | Reached skill level 1 in Maces & Flails
 14064 | Lair:2   | Reached skill level 1 in Spellcasting
 14216 | Lair:3   | Noticed a death yak
 14217 | Lair:3   | Noticed a death yak
 14217 | Lair:3   | Noticed a death yak
 14219 | Lair:3   | Noticed a death yak
 14221 | Lair:3   | Noticed a death yak
 14224 | Lair:2   | Slain by a death yak

Skill      XL: |  1  2  3  4  5  6  7  8  9 10 11 12 |
---------------+-------------------------------------+-----
Fighting       | 3 4 5 6 8 9 11 12 | 12.1
Axes           | 3 4 5 6 7 9 11 12 14 | 14.0
Shields        | 4 5 6 7 |  7.7
Armour         | 4 5 6 7 8 9 10 | 10.6
Maces & Flails | 2 |  2.3
Spellcasting   | 1 |  1.0

Action                   |  1- 3 |  4- 6 |  7- 9 | 10-12 || total
-------------------------+-------+-------+-------+-------++-------
Melee: War axe           |    91 |   236 |   557 |   102 ||   986
       Headbutt          |       |       |    55 |   125 ||   180
       Battleaxe         |       |       |       |   757 ||   757
       Maul              |       |       |       |    17 ||    17
Throw: Throwing net      |       |       |       |     9 ||     9
 Abil: Device Recharging |       |       |     2 |     8 ||    10
Evoke: Wand              |     1 |     8 |     6 |    34 ||    49
  Use: Scroll            |       |     7 |     6 |     9 ||    22
       Potion            |       |       |     5 |    11 ||    16
 Stab: Held in net/web   |       |       |       |     4 ||     4
  Eat: Chunk             |       |     5 |    15 |    29 ||    49
       Fruit             |       |     1 |       |       ||     1
       Meat ration       |       |       |     1 |     2 ||     3
       Beef jerky        |       |       |     1 |     2 ||     3
       Bread ration      |       |       |     1 |       ||     1
Armor: Scale mail        |    30 |    71 |       |       ||   101
       Plate armour      |       |    73 |   384 |   933 ||  1390
Dodge: Dodged            |    30 |    54 |    89 |   405 ||   578
Block: Shield            |    32 |   154 |   352 |    50 ||   588
